 Dungeon Crawl Stone Soup version 0.30-a0-718-geaa24f58ff (webtiles) character file.

Game seed: 8869771225048584574

345 ASSMAN the Fighter (level 6, -3/68 (74) HPs)
             Began as an Ogre Gladiator on Jan 25, 2023.
             Slain by an orc
             ... wielding a +0 war axe
              (8 damage)
             ... on level 4 of the Dungeon.
             The game lasted 00:02:58 (3352 turns).

ASSMAN the Fighter (Ogre Gladiator)                 Turns: 3352, Time: 00:02:59

HP:   -3/68 (74)    AC:  3    Str: 17 (20) XL:     6   Next: 58%
MP:   6/6           EV:  9    Int: 11 (13) God:
Gold: 181           SH:  0    Dex:  6 (9)  Spells: 5/5 levels left

rFire   . . .      SeeInvis .    t - +0 giant spiked club
rCold   . . .      Faith    .    (shield currently unavailable)
rNeg    . . .      Spirit   .    b - +0 robe
rPois   .          Reflect  .    c - +0 hat
rElec   .          Harm     .    (no cloak)
rCorr   .          Rampage  .    (gloves unavailable)
Will    .....      Rage     3%   (boots unavailable)
Stlth   +                        (no amulet)
HPRegen 0.31/turn                (no ring)
MPRegen 0.10/turn                (no ring)

@: drained
A: large, unfitting armour, tough skin 1, berserk 1, clever 1, deterioration 1
a: no special abilities


You were on level 4 of the Dungeon.
You visited 1 branch of the dungeon, and saw 4 of its levels.

You collected 181 gold pieces.

Inventory:

Hand Weapons
 a - a +0 war axe
 t - a +0 giant spiked club (weapon)
Missiles
 d - 3 throwing nets (quivered)
 e - a large rock
Armour
 b - a +0 robe (worn)
 c - a +0 hat (worn)
Jewellery
 p - a ring of poison resistance
Wands
 s - a wand of flame (4)
Scrolls
 f - a scroll of vulnerability {unknown}
 g - 2 scrolls of fear {unknown}
 j - a scroll of silence {unknown}
 l - a scroll of teleportation {unknown}
 n - a scroll of amnesia {unknown}
 q - a scroll of poison {unknown}
Potions
 h - a potion of degeneration
 i - a potion of curing {unknown}
 k - a potion of lignification {unknown}
 m - a potion of cancellation {unknown}
 r - a potion of attraction {unknown}
 u - a potion of brilliance {unknown}


   Skills:
 + Level 8.9 Fighting
 - Level 3.0 Axes
 * Level 0.1(1.5) Maces & Flails
 - Level 2.0 Throwing
 - Level 2.6 Dodging


You had 5 spell levels left.
You didn't know any spells.
Your spell library contained the following spells:

 Spells                   Type           Power      Damage    Failure   Level
 Magic Dart               Conj           0%         1d3       34%         1
 Searing Ray              Conj           0%         2d4       47%         2
 Anguish                  Hex/Necr       0%         N/A       98%         4
 Animate Armour           Summ/Erth      0%         N/A       98%         4
 Fulminant Prism          Conj/Hex       0%         3d5       98%         4
 Blade Hands              Tmut           0%         N/A       100%        5
 Iron Shot                Conj/Erth      0%         9d1       100%        6
 Enfeeble                 Hex            0%         N/A       100%        7


Dungeon Overview and Level Annotations

Branches:
Dungeon (4/15)
 Temple: D:4-7

Altars:


Innate Abilities, Weirdness & Mutations

You are too large for most types of armour.
You have tough skin. (AC +1)
You sometimes lose your temper in combat.
Your mind is acute. (Int +4, Str/Dex -1)
Your body sometimes deteriorates upon taking damage.


Message History

You hit the orc priest.
The orc priest is moderately wounded.
The orc hits you with a +0 whip.
The orc priest hits you with a +0 hand axe.
The orc closely misses you.
You barely miss the orc priest.
The orc priest is moderately wounded.
The orc priest calls down the wrath of Beogh upon you.
Pain shoots through your body! The orc hits you but does no damage.
You feel drained.
You barely miss the orc priest.
The orc priest is moderately wounded.
The orc hits you with a +0 mace of draining.
You feel drained. The orc hits you with a +0 whip.
The orc priest barely misses you.
The orc priest calls down the wrath of Beogh upon you.
Beogh smites you!
* * * LOW HITPOINT WARNING * * *
The orc closely misses you.
The orc hits you with a +0 mace of draining.
* * * LOW HITPOINT WARNING * * *
You feel drained. The orc barely misses you.
The orc wizard hits you but does no damage.
It was a potion of degeneration.
There was something very wrong with that liquid.
You feel weakened.
You feel dopey.
You feel clumsy. The orc hits you but does no damage.
The orc wizard hits you with a +0 dagger.
* * * LOW HITPOINT WARNING * * *
The orc hits you with a +0 whip.
* * * LOW HITPOINT WARNING * * *
The orc priest hits you with a +0 hand axe.
* * * LOW HITPOINT WARNING * * *
The orc hits you with a +0 mace of draining.
* * * LOW HITPOINT WARNING * * *
You feel drained.
It was a potion of mutation.
You feel extremely strange.
You feel a little pissed off.
You feel yourself wasting away.
You feel clever. The orc hits you with a +0 war axe!
You die...

#.^...#####....
#..............
#..............
#.............
#...........#
#......oo..
#.....ooo#
#.....o@o#
#........#
+........+
#...††...#
#........#
#........#
#.....#+##
########.....#
.............+


You could see an orc priest, an orc wizard and 5 orcs.

Vanquished Creatures
  An ogre (D:4)
  2 orc priests (D:3)
  Ijyb (D:4)
  7 gnolls (D:3)
  6 adders
  An ufetubus (D:3)
  4 orcs
  4 ball pythons
  4 bats
  4 endoplasms (D:1)
  A giant cockroach (D:3)
  7 goblins
  7 hobgoblins
  2 jackals (D:4)
  2 kobolds (D:1)
  2 quokkas
  2 frilled lizards (D:1)
  3 rats
60 creatures vanquished.

Notes
Turn   | Place    | Note
-------+----------+-------------------------------------------
     0 | D:1      | ASSMAN the Ogre Gladiator began the quest for the Orb.
     0 | D:1      | Reached XP level 1. HP: 22/22 MP: 1/1
   115 | D:1      | Reached skill level 3 in Fighting
   217 | D:1      | Reached XP level 2. HP: 30/32 MP: 2/2
   343 | D:1      | Reached skill level 4 in Fighting
   723 | D:1      | Reached XP level 3. HP: 25/40 MP: 3/3
  1053 | D:2      | Reached skill level 5 in Fighting
  1317 | D:2      | Reached XP level 4. HP: 41/50 MP: 4/4
  2044 | D:3      | Reached skill level 6 in Fighting
  2048 | D:3      | Reached XP level 5. HP: 27/61 MP: 5/5
  2336 | D:3      | Reached skill level 7 in Fighting
  2685 | D:3      | Reached skill level 8 in Fighting
  2836 | D:3      | Reached XP level 6. HP: 72/72 MP: 6/6
  3138 | D:4      | Noticed Ijyb
  3147 | D:4      | Killed Ijyb
  3352 | D:4      | Gained mutation: You sometimes lose your temper in combat.
                  | [potion of mutation]
  3352 | D:4      | Gained mutation: Your body sometimes deteriorates upon
                  | taking damage. [potion of mutation]
  3352 | D:4      | Gained mutation: Your mind is acute. (Int +4, Str/Dex -1)
                  | [potion of mutation]
  3352 | D:4      | Slain by an orc

Illustrated notes

Levels and vault maps discovered:
D:1:      dpeg_arrival_rooms_a, layout_basic
D:2:      layout_loops_ring, minmay_cupped
D:3:      layout_loops_ring
D:4:      layout_gridville, nicolae_qazlal_general_emergency,
          minmay_temple_entry_mini_moons, ebering_ghost_inner_flame,
          nicolae_shop_firing_range, uniq_ijyb

Skill      XL: |  1  2  3  4  5 |
---------------+----------------+-----
Fighting       | 3 4 5 6 8 |  8.9
Axes           | |  3.0
Maces & Flails | |  0.1
Throwing       | |  2.0
Dodging        | |  2.6

Action                     |  1- 3 |  4- 6 || total
---------------------------+-------+-------++-------
  Melee: War axe           |    92 |    91 ||   183
         Giant spiked club |       |    13 ||    13
    Use: Potion            |       |     2 ||     2
   Stab: Sleeping          |     1 |       ||     1
 Armour: Robe              |    39 |    28 ||    67
  Dodge: Dodged            |    48 |    79 ||   127

Table legend: (Time is in decaauts)
 A = Elapsed time spent in this place.
 B = Non-inter-level travel time spent in this place.
 C = Inter-level travel time spent in this place.
 D = Time resting spent in this place.
 E = Time spent auto-exploring this place.
 F = Levels seen in this place.
 G = Mean time per level.
                   A        B        C        D        E       F      G
               +--------+--------+--------+--------+--------+-----+--------+
         Total |   3424 |   3324 |    100 |    686 |   2193 |   4 |  856.0 |
       Dungeon |   3424 |   3324 |    100 |    686 |   2193 |   4 |  856.0 |
               +--------+--------+--------+--------+--------+-----+--------+

Top non-repeatable levels by time:
     D:2: 1158 daAuts
     D:3: 1130 daAuts
     D:1: 908 daAuts
     D:4: 227 daAuts
